Canadiens vs Sabres

Created - April 27, 2024 at 22:04

Goals
1 2 3 T
Canadiens 0 0 0 0
Sabres 0 1 1 2
Shots
1 2 3 T
Canadiens 13 23 11 47
Sabres 12 6 11 29

1st period

No Goal

Penalties :
Sean Monahan (MON) for Cross-checking (Minor) at 1:24, Paul Cotter (BUF) for Hooking (Minor) at 18:16

2nd period

1. Sabres , Jack McBain 1 (Josh Manson 1, Evgeni Malkin 1) at 12:14

Penalties :
Kris Letang (BUF) for Roughing (Minor) at 0:32, Connor Murphy (BUF) for Roughing (Minor) at 2:09, Reilly Smith (MON) for Hooking (Minor) at 10:11, Josh Manson (BUF) for Hooking (Minor) at 15:42

3rd period

2. Sabres , Dylan Cozens 1 (Dylan Larkin 1, Drew Doughty 1) at 8:32

Penalties :
No Penalty

Goalie Stats

Antti Raanta (MON), 27 saves from 29 shots - (0.931), L, 0-2-0, 60:00 minutes
Alexandar Georgiev (BUF), 47 saves from 47 shots - (1.000), W, 2-0-0, 60:00 minutes

Players Stats for Canadiens

Player Name              G  A  P  +/- PIM S  H  SB GA TA FO     MP     PP MP  PK MP  
------------------------------------------------------------------------------------
Anders Bjork             0  0  0   0  0   1  0  0  0  0  0/1    12:29   0:00   0:00 
Bo Horvat                0  0  0  -1  0   6  1  0  0  0  23/32  19:27   3:45   0:52 
Brock Nelson             0  0  0  -1  0   9  0  0  0  0  0/3    17:26   3:45   0:00 
Damon Severson           0  0  0   0  0   2  1  2  0  0  0/0    17:52   2:50   0:00 
David Savard             0  0  0   0  0   0  5  3  0  0  0/0    18:20   0:00   2:23 
Derek Grant              0  0  0   0  0   2  0  0  0  0  0/2     9:09   0:00   1:41 
Evgeny Kuznetsov         0  0  0  -1  0   6  2  0  0  0  10/22  17:30   3:49   0:00 
Hampus Lindholm          0  0  0  -2  0   0  0  3  0  0  0/0    22:13   4:44   0:00 
Jake Evans               0  0  0   0  0   0  0  0  0  0  3/10    9:45   0:00   2:17 
Joe Pavelski             0  0  0  -1  0   2  6  0  0  0  1/1    18:35   3:45   0:00 
Johnny Gaudreau          0  0  0  -1  0   3  0  0  0  0  0/2    18:39   3:49   0:00 
Mathieu Joseph           0  0  0   0  0   0  1  0  0  0  1/1     9:45   0:00   2:17 
Nick Jensen              0  0  0   0  0   0  0  0  0  0  0/0    17:32   0:00   1:35 
Reilly Smith             0  0  0  -1  2   6  2  0  0  0  0/0    18:24   4:44   0:00 
Sean Monahan             0  0  0   0  2   5  2  0  0  0  8/13   16:07   2:50   0:49 
Travis Hamonic           0  0  0   0  0   0  4  0  0  0  0/0    17:25   0:00   2:23 
Viktor Arvidsson         0  0  0   0  0   4  1  0  0  0  1/2    16:18   3:49   0:00 
Vladislav Gavrikov       0  0  0  -2  0   1  2  0  0  0  0/0    19:04   0:00   1:35 

Players Stats for Sabres

Player Name              G  A  P  +/- PIM S  H  SB GA TA FO     MP     PP MP  PK MP  
------------------------------------------------------------------------------------
Connor Murphy            0  0  0   1  2   3  4  3  0  0  0/0    19:50   0:56   3:19 
Dawson Mercer            0  0  0   1  0   2  3  0  0  0  1/3    17:18   2:03   0:14 
Drew Doughty             0  1  1   1  0   1  0  3  0  0  0/0    21:04   1:55   4:18 
Dylan Cozens             1  0  1   1  0   4  2  0  0  0  0/0    17:24   1:55   0:28 
Dylan Larkin             0  1  1   1  0   5  2  0  0  0  10/20  18:11   1:55   1:15 
Evan Bouchard            0  0  0   0  0   0  2  1  0  0  0/0    19:33   1:31   0:00 
Evgeni Malkin            0  1  1   0  0   1  0  0  0  0  7/15   15:14   1:06   0:00 
Gabriel Vilardi          0  0  0   0  0   0  0  0  0  0  0/2    15:39   1:31   0:00 
Ivan Barbashev           0  0  0   0  0   2  1  0  0  0  1/3    14:08   0:00   0:00 
Jack McBain              1  0  1   1  0   2  0  0  0  0  0/1    10:05   0:00   2:16 
Josh Anderson            0  0  0   0  0   2  0  0  0  0  0/0    13:33   2:03   0:00 
Josh Manson              0  1  1   1  2   0  4  2  0  0  0/0    18:16   0:24   2:18 
Kris Letang              0  0  0   1  2   1  1  0  0  0  0/0    21:17   2:03   1:39 
Nazem Kadri              0  0  0   0  0   5  0  0  0  0  11/23  17:23   2:03   3:50 
Nicolas Roy              0  0  0   1  0   0  0  1  0  0  1/2    11:30   0:24   3:17 
Paul Cotter              0  0  0   0  2   0  1  0  0  0  1/2    11:29   0:00   0:00 
Ryan McDonagh            0  0  0   0  0   0  1  1  0  0  0/0    18:51   0:01   3:33 
Tomas Nosek              0  0  0   1  0   1  0  0  0  0  10/18  11:15   0:00   3:26 

3 Stars

1 - Alexandar Georgiev (BUF)
2 - Dylan Cozens (BUF)
3 - Jack McBain (BUF)

Power Play

Canadiens - 0 on 4 Attempt(s) - 0.00%
Sabres - 0 on 2 Attempt(s) - 0.00%

Penalty Kill

Canadiens - 2 on 2 Attempt(s) - 100.00% - Score 0 goal in Penalty Kill
Sabres - 4 on 4 Attempt(s) - 100.00% - Score 0 goal in Penalty Kill

Team Stat

Canadiens - Hits : 27 - Faceoff Wins : 47 - Blocked Shots : 8 - Penalty Minutes : 4
Sabres - Hits : 21 - Faceoff Wins : 42 - Blocked Shots : 11 - Penalty Minutes : 8

Official

Referees : Dan O'Rourke and Kyle Rehman
Linesman : Ryan Daisy and Ben O'Quinn

Game Notes

No Game Note

Finance

Level 1 -- Attendance: 6000 (100.00%) -- Ticket Income $780,000
Level 2 -- Attendance: 5000 (100.00%) -- Ticket Income $225,000
Level 3 -- Attendance: 2000 (100.00%) -- Ticket Income $80,000
Level 4 -- Attendance: 4000 (100.00%) -- Ticket Income $140,000
Luxury Box -- Attendance: 1000 (100.00%) -- Ticket Income $100,000
Game was played at the HSBC Arena.
Total Attendance: 18000 (100.00%)
Total Ticket Income: $1,325,000
Other Income: $649,250
Total Income: $1,974,250

Canadiens

5 vs 5 Forward 
   Center                   Left Wing                Right Wing               Time % Phy DF OF 
 1 Bo Horvat                Johnny Gaudreau          Joe Pavelski             32     0   2  3  
 2 Evgeny Kuznetsov         Brock Nelson             Reilly Smith             30     0   2  3  
 3 Sean Monahan             Anders Bjork             Viktor Arvidsson         28     0   3  2  
 4 Jake Evans               Derek Grant              Mathieu Joseph           10     1   3  1  

5 vs 5 Defense 
   Defense                  Defense                                           Time % Phy DF OF 
 1 Hampus Lindholm          Vladislav Gavrikov                                35     1   3  1  
 2 David Savard             Nick Jensen                                       32     1   3  1  
 3 Damon Severson           Travis Hamonic                                    28     1   3  1  
 4 Damon Severson           Travis Hamonic                                    5      1   3  1  

PowerPlay Forward 
   Center                   Left Wing                Right Wing               Time % Phy DF OF 
 1 Bo Horvat                Brock Nelson             Joe Pavelski             60     0   0  5  
 2 Evgeny Kuznetsov         Johnny Gaudreau          Viktor Arvidsson         40     0   0  5  

PowerPlay Defense
   Defense                  Defense                                           Time % Phy DF OF 
 1 Hampus Lindholm          Reilly Smith                                      60     1   1  3  
 2 Damon Severson           Sean Monahan                                      40     1   1  3  

Penalty Kill 4 Players Forward 
   Center                   Wing                     Time % Phy DF OF 
 1 Jake Evans               Mathieu Joseph           60     0   4  1  
 2 Derek Grant              Sean Monahan             40     0   4  1  

Penalty Kill 4 Players Defense
   Defense                  Defense                  Time % Phy DF OF 
 1 David Savard             Travis Hamonic           60     1   4  0  
 2 Nick Jensen              Vladislav Gavrikov       40     1   4  0  

Penalty Kill - 3 Players Forward 
   Forward                                           Time % Phy DF OF 
 1 Jake Evans                                        60     1   4  0  
 2 Derek Grant                                       40     1   4  0  

Penalty Kill - 3 Players Defense
   Defense                  Defense                  Time % Phy DF OF 
 1 David Savard             Travis Hamonic           60     1   4  0  
 2 Nick Jensen              Vladislav Gavrikov       40     1   4  0  

4 vs 4 Forward 
   Center                   Wing                     Time % Phy DF OF 
 1 Bo Horvat                Joe Pavelski             60     1   2  2  
 2 Brock Nelson             Johnny Gaudreau          40     1   2  2  

4 vs 4 Defense
   Defense                  Defense                  Time % Phy DF OF 
 1 Hampus Lindholm          Vladislav Gavrikov       60     1   2  2  
 2 David Savard             Nick Jensen              40     1   2  2  

Last Minutes Offensive
   Center                   Left Wing                Right Wing               Defense                  Defense                  
   Bo Horvat                Brock Nelson             Joe Pavelski             Damon Severson           Hampus Lindholm          

Last Minutes Defensive
   Center                   Left Wing                Right Wing               Defense                  Defense                  
   Jake Evans               Derek Grant              Mathieu Joseph           David Savard             Travis Hamonic           

Goaltenders
Starting : Antti Raanta             
Backup : Craig Anderson           

Extra Forwards
Normal : Jake Evans, Mathieu Joseph, Evgeny Kuznetsov - PP : Derek Grant, Jake Evans - PK : Bo Horvat
Extra Defensemen
Normal : Travis Hamonic, Damon Severson, Nick Jensen - PP : Nick Jensen - PK : Hampus Lindholm, Damon Severson
Penalty Shots
Evgeny Kuznetsov, Sean Monahan, Joe Pavelski, Mathieu Joseph, Viktor Arvidsson
Custom OT Lines Forwards
Bo Horvat, Joe Pavelski, Brock Nelson, Johnny Gaudreau, Viktor Arvidsson, Reilly Smith, Sean Monahan, Evgeny Kuznetsov, Jake Evans, Derek Grant
Custom OT Lines Defensemen
Hampus Lindholm, David Savard, Travis Hamonic, Damon Severson, Nick Jensen

Scratches
Dysin Mayo (Healthy), Alex Nedeljkovic (Healthy)

Sabres

5 vs 5 Forward 
   Center                   Left Wing                Right Wing               Time % Phy DF OF 
 1 Dylan Larkin             Dylan Cozens             Dawson Mercer            31     0   1  4  
 2 Evgeni Malkin            Ivan Barbashev           Gabriel Vilardi          29     0   1  4  
 3 Nazem Kadri              Paul Cotter              Josh Anderson            25     1   2  2  
 4 Tomas Nosek              Jack McBain              Nicolas Roy              15     1   3  1  

5 vs 5 Defense 
   Defense                  Defense                                           Time % Phy DF OF 
 1 Drew Doughty             Kris Letang                                       30     1   3  1  
 2 Ryan McDonagh            Evan Bouchard                                     30     1   3  1  
 3 Connor Murphy            Josh Manson                                       30     1   3  1  
 4 Evan Bouchard            Kris Letang                                       10     0   1  4  

PowerPlay Forward 
   Center                   Left Wing                Right Wing               Time % Phy DF OF 
 1 Dylan Larkin             Dylan Cozens             Gabriel Vilardi          55     1   0  4  
 2 Nazem Kadri              Josh Anderson            Dawson Mercer            45     1   0  4  

PowerPlay Defense
   Defense                  Defense                                           Time % Phy DF OF 
 1 Evgeni Malkin            Kris Letang                                       55     1   1  3  
 2 Drew Doughty             Evan Bouchard                                     45     1   1  3  

Penalty Kill 4 Players Forward 
   Center                   Wing                     Time % Phy DF OF 
 1 Tomas Nosek              Nicolas Roy              50     1   4  0  
 2 Nazem Kadri              Jack McBain              50     2   3  0  

Penalty Kill 4 Players Defense
   Defense                  Defense                  Time % Phy DF OF 
 1 Ryan McDonagh            Josh Manson              50     0   5  0  
 2 Connor Murphy            Drew Doughty             50     0   5  0  

Penalty Kill - 3 Players Forward 
   Forward                                           Time % Phy DF OF 
 1 Tomas Nosek                                       50     1   4  0  
 2 Nazem Kadri                                       50     2   3  0  

Penalty Kill - 3 Players Defense
   Defense                  Defense                  Time % Phy DF OF 
 1 Ryan McDonagh            Josh Manson              50     0   5  0  
 2 Connor Murphy            Drew Doughty             50     0   5  0  

4 vs 4 Forward 
   Center                   Wing                     Time % Phy DF OF 
 1 Dylan Larkin             Dylan Cozens             50     1   0  4  
 2 Nazem Kadri              Gabriel Vilardi          50     1   0  4  

4 vs 4 Defense
   Defense                  Defense                  Time % Phy DF OF 
 1 Evgeni Malkin            Kris Letang              50     1   1  3  
 2 Drew Doughty             Evan Bouchard            50     1   1  3  

Last Minutes Offensive
   Center                   Left Wing                Right Wing               Defense                  Defense                  
   Dylan Larkin             Dylan Cozens             Evgeni Malkin            Drew Doughty             Kris Letang              

Last Minutes Defensive
   Center                   Left Wing                Right Wing               Defense                  Defense                  
   Tomas Nosek              Jack McBain              Nicolas Roy              Ryan McDonagh            Josh Manson              

Goaltenders
Starting : Alexandar Georgiev       
Backup : Marc-Andre Fleury        

Extra Forwards
Normal : Nazem Kadri, Dylan Larkin, Dylan Cozens - PP : Nazem Kadri, Dylan Larkin - PK : Dylan Larkin
Extra Defensemen
Normal : Drew Doughty, Kris Letang, Evan Bouchard - PP : Ryan McDonagh - PK : Kris Letang, Ryan McDonagh
Penalty Shots
Nicolas Roy, Gabriel Vilardi, Evgeni Malkin, Kris Letang, Nazem Kadri
Custom OT Lines Forwards
Dylan Larkin, Dylan Cozens, Evgeni Malkin, Gabriel Vilardi, Nazem Kadri, Ivan Barbashev, Dawson Mercer, Nicolas Roy, Tomas Nosek, Paul Cotter
Custom OT Lines Defensemen
Drew Doughty, Kris Letang, Ryan McDonagh, Josh Manson, Evan Bouchard

Scratches
Jarred Tinordi (Healthy), Ian Mitchell (Healthy), Drew O'Connor (Healthy)

% Time on Ice - Canadiens

Lines # - Real PCT - Wanted PCT - Time Play
Normal Forward
1 - 31% - 32% - 14:50
2 - 28% - 30% - 13:41
3 - 26% - 28% - 12:29
4 - 15% - 10% - 7:28
Normal Defense
1 - 36% - 35% - 17:29
2 - 33% - 32% - 15:57
3 - 30% - 28% - 14:18
4 - 2% - 5% - 0:44
PP Forward
1 - 50% - 60% - 3:45
2 - 50% - 40% - 3:49
PP Defense
1 - 63% - 60% - 4:44
2 - 37% - 40% - 2:50
PK Forward
1 - 58% - 60% - 2:17
2 - 42% - 40% - 1:41
PK Defense
1 - 60% - 60% - 2:23
2 - 40% - 40% - 1:35
PK3 Forward
1 - 0% - 60%
2 - 0% - 40%
PK3 Defense
1 - 0% - 60%
2 - 0% - 40%
44 Forward
1 - 0% - 60%
2 - 0% - 40%
44 Defense
1 - 0% - 60%
2 - 0% - 40%
Last Minute Offensive  - 0:00
Last Minute Defensive  - 0:00
Total
Forward - 60:00
Defense - 60:00

% Time on Ice - Sabres

Lines # - Real PCT - Wanted PCT - Time Play
Normal Forward
1 - 31% - 31% - 15:01
2 - 29% - 29% - 14:08
3 - 24% - 25% - 11:30
4 - 16% - 15% - 7:49
Normal Defense
1 - 31% - 30% - 14:51
2 - 32% - 30% - 15:17
3 - 32% - 30% - 15:35
4 - 6% - 10% - 2:45
PP Forward
1 - 48% - 55% - 1:55
2 - 52% - 45% - 2:03
PP Defense
1 - 52% - 55% - 2:03
2 - 48% - 45% - 1:55
PK Forward
1 - 49% - 50% - 3:31
2 - 51% - 50% - 3:41
PK Defense
1 - 46% - 50% - 3:19
2 - 54% - 50% - 3:53
PK3 Forward
1 - 59% - 50% - 0:13
2 - 41% - 50% - 0:09
PK3 Defense
1 - 0% - 50% - 0:00
2 - 100% - 50% - 0:22
44 Forward
1 - 0% - 50%
2 - 0% - 50%
44 Defense
1 - 0% - 50%
2 - 0% - 50%
Last Minute Offensive  - 0:00
Last Minute Defensive  - 0:00
Total
Forward - 60:00
Defense - 60:00

Play-by-Play

1st period


0:01 of 1st period - Bo Horvat wins face-off versus Dylan Larkin in neutral zone.
0:16 of 1st period - Shot by Bo Horvat.
0:16 of 1st period - Deflect By Joe Pavelski.
0:16 of 1st period - Stopped by Alexandar Georgiev without a rebound.
0:17 of 1st period - Evgeny Kuznetsov wins face-off versus Gabriel Vilardi in Sabres zone.
0:22 of 1st period - Shot by Evgeny Kuznetsov.
0:22 of 1st period - Shot Misses the Net.
0:46 of 1st period - Shot by Gabriel Vilardi.
0:46 of 1st period - Shot Blocked by David Savard.
0:48 of 1st period - Shot by Ryan McDonagh.
0:48 of 1st period - Shot Misses the Net.
1:10 of 1st period - Ivan Barbashev is hit by Sean Monahan and loses puck.
1:14 of 1st period - Ryan McDonagh is hit by Travis Hamonic and loses puck.
1:24 of 1st period - Minor Penalty to Sean Monahan for Cross-checking.
1:25 of 1st period - Nazem Kadri wins face-off versus Jake Evans in Canadiens zone.
1:26 of 1st period - Shot by Kris Letang.
1:26 of 1st period - Deflect By Dawson Mercer.
1:26 of 1st period - Shot Misses the Net.
1:28 of 1st period - Shot by Connor Murphy.
1:28 of 1st period - Stopped by Antti Raanta without a rebound.
1:29 of 1st period - Jake Evans wins face-off versus Dawson Mercer in Canadiens zone.
1:38 of 1st period - Shot by Nazem Kadri.
1:38 of 1st period - Stopped by Antti Raanta with a rebound.
1:40 of 1st period - Shot by Kris Letang.
1:40 of 1st period - Shot Blocked by David Savard.
1:42 of 1st period - Shot by Kris Letang.
1:42 of 1st period - Shot Misses the Net.
1:44 of 1st period - Shot by Dawson Mercer.
1:44 of 1st period - Stopped by Antti Raanta without a rebound.
1:45 of 1st period - Dylan Larkin wins face-off versus Derek Grant in Canadiens zone.
1:58 of 1st period - Shot by Evan Bouchard.
1:58 of 1st period - Shot Misses the Net.
2:04 of 1st period - Shot by Dylan Cozens.
2:04 of 1st period - Stopped by Antti Raanta without a rebound.
2:05 of 1st period - Nazem Kadri wins face-off versus Derek Grant in Canadiens zone.
2:06 of 1st period - Shot by Evgeni Malkin.
2:06 of 1st period - Shot Misses the Net.
2:28 of 1st period - Shot by Evgeni Malkin.
2:28 of 1st period - Shot Misses the Net.
2:38 of 1st period - Shot by Evgeni Malkin.
2:38 of 1st period - Shot Misses the Net.
3:14 of 1st period - Shot by Evan Bouchard.
3:14 of 1st period - Shot Misses the Net.
3:30 of 1st period - Shot by Nicolas Roy.
3:30 of 1st period - Shot Misses the Net.
3:32 of 1st period - Shot by Tomas Nosek.
3:32 of 1st period - Stopped by Antti Raanta without a rebound.
3:33 of 1st period - Tomas Nosek wins face-off versus Evgeny Kuznetsov in Canadiens zone.
3:50 of 1st period - Icing by Nicolas Roy.
3:51 of 1st period - Bo Horvat wins face-off versus Tomas Nosek in Sabres zone.
5:00 of 1st period - Shot by Dylan Larkin.
5:00 of 1st period - Deflect By Dawson Mercer.
5:00 of 1st period - Stopped by Antti Raanta without a rebound.
5:01 of 1st period - Paul Cotter wins face-off versus Jake Evans in Canadiens zone.
5:09 of 1st period - Icing by Damon Severson.
5:10 of 1st period - Mathieu Joseph wins face-off versus Nazem Kadri in Canadiens zone.
5:28 of 1st period - Icing by Travis Hamonic.
5:29 of 1st period - Dylan Larkin wins face-off versus Jake Evans in Canadiens zone.
6:04 of 1st period - Shot by Dylan Larkin.
6:04 of 1st period - Stopped by Antti Raanta without a rebound.
6:05 of 1st period - Viktor Arvidsson wins face-off versus Nazem Kadri in Canadiens zone.
6:39 of 1st period - Shot by Sean Monahan.
6:39 of 1st period - Shot Blocked by Connor Murphy.
6:41 of 1st period - Shot by Sean Monahan.
6:41 of 1st period - Stopped by Alexandar Georgiev without a rebound.
6:42 of 1st period - Ivan Barbashev wins face-off versus Bo Horvat in Sabres zone.
6:42 of 1st period - Ivan Barbashev is hit by Joe Pavelski.
6:45 of 1st period - Icing by Evgeni Malkin.
6:46 of 1st period - Bo Horvat wins face-off versus Gabriel Vilardi in Sabres zone.
6:53 of 1st period - Shot by Bo Horvat.
6:53 of 1st period - Deflect By Joe Pavelski.
6:53 of 1st period - Shot Misses the Net.
7:08 of 1st period - Shot by Evgeni Malkin.
7:08 of 1st period - Shot Misses the Net.
7:10 of 1st period - Shot by Ivan Barbashev.
7:10 of 1st period - Stopped by Antti Raanta without a rebound.
7:11 of 1st period - Dylan Larkin wins face-off versus Evgeny Kuznetsov in Canadiens zone.
7:31 of 1st period - Evgeny Kuznetsov is hit by Josh Manson and loses puck.
7:46 of 1st period - Shot by Evgeny Kuznetsov.
7:46 of 1st period - Stopped by Alexandar Georgiev without a rebound.
7:47 of 1st period - Bo Horvat wins face-off versus Nazem Kadri in Sabres zone.
8:01 of 1st period - Josh Anderson is hit by David Savard and loses puck.
8:09 of 1st period - Icing by David Savard.
8:10 of 1st period - Bo Horvat wins face-off versus Evgeni Malkin in Canadiens zone.
8:23 of 1st period - Shot by Bo Horvat.
8:23 of 1st period - Stopped by Alexandar Georgiev without a rebound.
8:24 of 1st period - Sean Monahan wins face-off versus Dylan Larkin in Sabres zone.
8:25 of 1st period - Shot by Viktor Arvidsson.
8:25 of 1st period - Stopped by Alexandar Georgiev with a rebound.
8:40 of 1st period - Dylan Larkin is hit by Damon Severson.
8:42 of 1st period - Shot by Dawson Mercer.
8:42 of 1st period - Deflect By Dylan Larkin.
8:42 of 1st period - Shot Misses the Net.
8:49 of 1st period - Icing by Damon Severson.
8:50 of 1st period - Sean Monahan wins face-off versus Evgeni Malkin in Canadiens zone.
9:09 of 1st period - Shot by Sean Monahan.
9:09 of 1st period - Stopped by Alexandar Georgiev with a rebound.
9:55 of 1st period - Shot by Nazem Kadri.
9:55 of 1st period - Stopped by Antti Raanta without a rebound.
9:56 of 1st period - Joe Pavelski wins face-off versus Dylan Larkin in Canadiens zone.
10:59 of 1st period - Shot by Nazem Kadri.
10:59 of 1st period - Shot Blocked by David Savard.
11:01 of 1st period - Shot by Josh Anderson.
11:01 of 1st period - Stopped by Antti Raanta without a rebound.
11:02 of 1st period - Evgeny Kuznetsov wins face-off versus Evgeni Malkin in Canadiens zone.
11:06 of 1st period - Vladislav Gavrikov is hit by Ivan Barbashev and loses puck.
11:26 of 1st period - Icing by Hampus Lindholm.
11:27 of 1st period - Nazem Kadri wins face-off versus Evgeny Kuznetsov in Canadiens zone.
12:06 of 1st period - Kris Letang is hit by Reilly Smith and loses puck.
12:51 of 1st period - Off-side.
12:52 of 1st period - Bo Horvat wins face-off versus Evgeni Malkin in neutral zone.
13:19 of 1st period - Shot by Gabriel Vilardi.
13:19 of 1st period - Shot Misses the Net.
13:35 of 1st period - Gabriel Vilardi is hit by Bo Horvat and loses puck.
14:53 of 1st period - Travis Hamonic is hit by Evan Bouchard and loses puck.
15:00 of 1st period - Shot by Sean Monahan.
15:00 of 1st period - Stopped by Alexandar Georgiev without a rebound.
15:01 of 1st period - Evgeny Kuznetsov wins face-off versus Nazem Kadri in Sabres zone.
15:04 of 1st period - Shot by Brock Nelson.
15:04 of 1st period - Shot Blocked by Drew Doughty.
15:18 of 1st period - Shot by Brock Nelson.
15:18 of 1st period - Stopped by Alexandar Georgiev without a rebound.
15:19 of 1st period - Bo Horvat wins face-off versus Tomas Nosek in Sabres zone.
15:42 of 1st period - Shot by Bo Horvat.
15:42 of 1st period - Shot Misses the Net.
16:37 of 1st period - Shot by Reilly Smith.
16:37 of 1st period - Stopped by Alexandar Georgiev with a rebound.
16:39 of 1st period - Shot by Reilly Smith.
16:39 of 1st period - Shot Misses the Net.
18:13 of 1st period - Shot by Dylan Larkin.
18:13 of 1st period - Stopped by Antti Raanta with a rebound.
18:15 of 1st period - Shot by Dylan Larkin.
18:15 of 1st period - Stopped by Antti Raanta without a rebound.
18:16 of 1st period - Bo Horvat wins face-off versus Nazem Kadri in Canadiens zone.
18:16 of 1st period - Minor Penalty to Paul Cotter for Hooking.
18:17 of 1st period - Bo Horvat wins face-off versus Dylan Larkin in Sabres zone.
18:22 of 1st period - Shot by Joe Pavelski.
18:22 of 1st period - Shot Misses the Net.
18:28 of 1st period - Shot by Reilly Smith.
18:28 of 1st period - Shot Blocked by Connor Murphy.
18:30 of 1st period - Shot by Hampus Lindholm.
18:30 of 1st period - Shot Blocked by Connor Murphy.
18:32 of 1st period - Shot by Brock Nelson.
18:32 of 1st period - Stopped by Alexandar Georgiev without a rebound.
18:33 of 1st period - Evgeny Kuznetsov wins face-off versus Nazem Kadri in Sabres zone.
18:46 of 1st period - Shot by Johnny Gaudreau.
18:46 of 1st period - Shot Misses the Net.
18:48 of 1st period - Shot by Reilly Smith.
18:48 of 1st period - Shot Misses the Net.
18:50 of 1st period - Shot by Viktor Arvidsson.
18:50 of 1st period - Shot Misses the Net.
18:52 of 1st period - Shot by Reilly Smith.
18:52 of 1st period - Shot Misses the Net.
19:00 of 1st period - Shot by Reilly Smith.
19:00 of 1st period - Shot Misses the Net.
19:02 of 1st period - Shot by Hampus Lindholm.
19:02 of 1st period - Shot Misses the Net.
19:04 of 1st period - Shot by Evgeny Kuznetsov.
19:04 of 1st period - Stopped by Alexandar Georgiev without a rebound.
19:05 of 1st period - Bo Horvat wins face-off versus Nazem Kadri in Sabres zone.
19:06 of 1st period - Shot by Brock Nelson.
19:06 of 1st period - Stopped by Alexandar Georgiev without a rebound.
19:07 of 1st period - Bo Horvat wins face-off versus Nazem Kadri in Sabres zone.
19:18 of 1st period - Shot by Joe Pavelski.
19:18 of 1st period - Stopped by Alexandar Georgiev without a rebound.
19:19 of 1st period - Nazem Kadri wins face-off versus Evgeny Kuznetsov in Sabres zone.
19:19 of 1st period - Nazem Kadri is hit by Viktor Arvidsson.
19:48 of 1st period - Icing by Johnny Gaudreau.
19:49 of 1st period - Dylan Larkin wins face-off versus Evgeny Kuznetsov in Canadiens zone.
Goals for this period are 0 for Canadiens vs 0 for Sabres.
Shots for this period are 13 for Canadiens vs 12 for Sabres.

2nd period


0:01 of 2nd period - Bo Horvat wins face-off versus Nicolas Roy in neutral zone.
0:04 of 2nd period - Josh Manson is hit by Joe Pavelski and loses puck.
0:32 of 2nd period - Minor Penalty to Kris Letang for Roughing.
0:33 of 2nd period - Tomas Nosek wins face-off versus Bo Horvat in Sabres zone.
0:43 of 2nd period - Shot by Reilly Smith.
0:43 of 2nd period - Shot Misses the Net.
0:47 of 2nd period - Shot by Reilly Smith.
0:47 of 2nd period - Shot Misses the Net.
0:49 of 2nd period - Shot by Reilly Smith.
0:49 of 2nd period - Stopped by Alexandar Georgiev without a rebound.
0:50 of 2nd period - Nazem Kadri wins face-off versus Evgeny Kuznetsov in Sabres zone.
0:50 of 2nd period - Nazem Kadri is hit by Evgeny Kuznetsov.
0:59 of 2nd period - Off-side.
1:00 of 2nd period - Bo Horvat wins face-off versus Tomas Nosek in neutral zone.
1:03 of 2nd period - Shot by Reilly Smith.
1:03 of 2nd period - Stopped by Alexandar Georgiev with a rebound.
1:05 of 2nd period - Shot by Brock Nelson.
1:05 of 2nd period - Stopped by Alexandar Georgiev without a rebound.
1:06 of 2nd period - Bo Horvat wins face-off versus Tomas Nosek in Sabres zone.
1:07 of 2nd period - Shot by Brock Nelson.
1:07 of 2nd period - Stopped by Alexandar Georgiev without a rebound.
1:08 of 2nd period - Nicolas Roy wins face-off versus Bo Horvat in Sabres zone.
1:37 of 2nd period - Shot by Brock Nelson.
1:37 of 2nd period - Stopped by Alexandar Georgiev with a rebound.
1:39 of 2nd period - Shot by Bo Horvat.
1:39 of 2nd period - Stopped by Alexandar Georgiev without a rebound.
1:40 of 2nd period - Evgeny Kuznetsov wins face-off versus Tomas Nosek in Sabres zone.
1:45 of 2nd period - Shot by Johnny Gaudreau.
1:45 of 2nd period - Shot Blocked by Josh Manson.
1:57 of 2nd period - Josh Manson is hit by Evgeny Kuznetsov and loses puck.
2:02 of 2nd period - Shot by Johnny Gaudreau.
2:02 of 2nd period - Shot Blocked by Ryan McDonagh.
2:04 of 2nd period - Shot by Damon Severson.
2:04 of 2nd period - Stopped by Alexandar Georgiev without a rebound.
2:05 of 2nd period - Bo Horvat wins face-off versus Nazem Kadri in Sabres zone.
2:09 of 2nd period - Minor Penalty to Connor Murphy for Roughing.
2:10 of 2nd period - Nazem Kadri wins face-off versus Brock Nelson in Sabres zone.
2:10 of 2nd period - Nazem Kadri is hit by Joe Pavelski.
2:26 of 2nd period - Shot by Brock Nelson.
2:26 of 2nd period - Shot Blocked by Drew Doughty.
2:28 of 2nd period - Shot by Reilly Smith.
2:28 of 2nd period - Shot Misses the Net.
2:30 of 2nd period - Shot by Reilly Smith.
2:30 of 2nd period - Stopped by Alexandar Georgiev with a rebound.
2:32 of 2nd period - Shot by Brock Nelson.
2:32 of 2nd period - Stopped by Alexandar Georgiev without a rebound.
2:33 of 2nd period - Nazem Kadri wins face-off versus Viktor Arvidsson in Sabres zone.
3:04 of 2nd period - Shot by Viktor Arvidsson.
3:04 of 2nd period - Stopped by Alexandar Georgiev without a rebound.
3:05 of 2nd period - Nazem Kadri wins face-off versus Bo Horvat in Sabres zone.
4:06 of 2nd period - Shot by Evgeny Kuznetsov.
4:06 of 2nd period - Stopped by Alexandar Georgiev without a rebound.
4:07 of 2nd period - Tomas Nosek wins face-off versus Evgeny Kuznetsov in Sabres zone.
4:50 of 2nd period - Icing by Evan Bouchard.
4:51 of 2nd period - Evgeni Malkin wins face-off versus Anders Bjork in Sabres zone.
4:51 of 2nd period - Evgeni Malkin is hit by Travis Hamonic.
5:03 of 2nd period - Shot by Anders Bjork.
5:03 of 2nd period - Stopped by Alexandar Georgiev without a rebound.
5:04 of 2nd period - Bo Horvat wins face-off versus Dylan Larkin in Sabres zone.
5:09 of 2nd period - Shot by Bo Horvat.
5:09 of 2nd period - Shot Misses the Net.
5:19 of 2nd period - Vladislav Gavrikov is hit by Dylan Cozens and loses puck.
5:31 of 2nd period - Johnny Gaudreau is hit by Josh Manson and loses puck.
6:02 of 2nd period - Shot by Drew Doughty.
6:02 of 2nd period - Shot Misses the Net.
6:04 of 2nd period - Shot by Josh Anderson.
6:04 of 2nd period - Shot Blocked by Hampus Lindholm.
6:06 of 2nd period - Shot by Kris Letang.
6:06 of 2nd period - Stopped by Antti Raanta without a rebound.
6:07 of 2nd period - Tomas Nosek wins face-off versus Brock Nelson in Canadiens zone.
6:16 of 2nd period - Shot by Brock Nelson.
6:16 of 2nd period - Shot Misses the Net.
6:18 of 2nd period - Shot by Travis Hamonic.
6:18 of 2nd period - Shot Misses the Net.
6:42 of 2nd period - Shot by Reilly Smith.
6:42 of 2nd period - Stopped by Alexandar Georgiev without a rebound.
6:43 of 2nd period - Nazem Kadri wins face-off versus Sean Monahan in Sabres zone.
7:02 of 2nd period - Shot by Sean Monahan.
7:02 of 2nd period - Stopped by Alexandar Georgiev without a rebound.
7:03 of 2nd period - Dylan Larkin wins face-off versus Jake Evans in Sabres zone.
7:40 of 2nd period - Shot by Dylan Cozens.
7:40 of 2nd period - Shot Misses the Net.
7:42 of 2nd period - Shot by Connor Murphy.
7:42 of 2nd period - Stopped by Antti Raanta with a rebound.
8:01 of 2nd period - Kris Letang is hit by David Savard and loses puck.
8:34 of 2nd period - Shot by Evgeny Kuznetsov.
8:34 of 2nd period - Shot Misses the Net.
8:36 of 2nd period - Shot by Evgeny Kuznetsov.
8:36 of 2nd period - Stopped by Alexandar Georgiev without a rebound.
8:37 of 2nd period - Bo Horvat wins face-off versus Evgeni Malkin in Sabres zone.
9:10 of 2nd period - Johnny Gaudreau is hit by Evan Bouchard and loses puck.
9:24 of 2nd period - Icing by Evan Bouchard.
9:25 of 2nd period - Sean Monahan wins face-off versus Ivan Barbashev in Sabres zone.
9:47 of 2nd period - Anders Bjork is hit by Ryan McDonagh and loses puck.
10:11 of 2nd period - Minor Penalty to Reilly Smith for Hooking.
10:12 of 2nd period - Jake Evans wins face-off versus Dawson Mercer in Canadiens zone.
10:18 of 2nd period - Icing by Connor Murphy.
10:19 of 2nd period - Jake Evans wins face-off versus Nazem Kadri in Sabres zone.
10:33 of 2nd period - Nazem Kadri is hit by David Savard and loses puck.
11:27 of 2nd period - Shot by Dylan Cozens.
11:27 of 2nd period - Stopped by Antti Raanta without a rebound.
11:28 of 2nd period - Dylan Larkin wins face-off versus Jake Evans in Canadiens zone.
11:35 of 2nd period - Shot by Drew Doughty.
11:35 of 2nd period - Stopped by Antti Raanta with a rebound.
11:47 of 2nd period - Travis Hamonic is hit by Dylan Cozens and loses puck.
12:14 of 2nd period - Shot by Jack McBain.
12:14 of 2nd period - Goal by Jack McBain - Canadiens : 0 - Sabres : 1.
12:15 of 2nd period - Tomas Nosek wins face-off versus Evgeny Kuznetsov in neutral zone.
12:53 of 2nd period - Evgeny Kuznetsov is hit by Josh Manson and loses puck.
13:09 of 2nd period - Icing by Josh Manson.
13:10 of 2nd period - Sean Monahan wins face-off versus Tomas Nosek in Sabres zone.
13:10 of 2nd period - Sean Monahan is hit by Connor Murphy.
13:56 of 2nd period - Drew Doughty is hit by Joe Pavelski and loses puck.
14:03 of 2nd period - Shot by Johnny Gaudreau.
14:03 of 2nd period - Stopped by Alexandar Georgiev without a rebound.
14:04 of 2nd period - Nazem Kadri wins face-off versus Jake Evans in Sabres zone.
14:04 of 2nd period - Nazem Kadri is hit by Mathieu Joseph.
15:11 of 2nd period - Off-side.
15:12 of 2nd period - Dylan Larkin wins face-off versus Brock Nelson in neutral zone.
15:17 of 2nd period - Shot by Dylan Cozens.
15:17 of 2nd period - Shot Blocked by Damon Severson.
15:31 of 2nd period - Shot by Brock Nelson.
15:31 of 2nd period - Deflect By Reilly Smith.
15:31 of 2nd period - Shot Misses the Net.
15:33 of 2nd period - Shot by Evgeny Kuznetsov.
15:33 of 2nd period - Stopped by Alexandar Georgiev without a rebound.
15:34 of 2nd period - Evgeni Malkin wins face-off versus Bo Horvat in Sabres zone.
15:42 of 2nd period - Minor Penalty to Josh Manson for Hooking.
15:43 of 2nd period - Tomas Nosek wins face-off versus Bo Horvat in Sabres zone.
16:16 of 2nd period - Shot by Bo Horvat.
16:16 of 2nd period - Stopped by Alexandar Georgiev with a rebound.
16:18 of 2nd period - Shot by Reilly Smith.
16:18 of 2nd period - Shot Blocked by Nicolas Roy.
16:20 of 2nd period - Shot by Reilly Smith.
16:20 of 2nd period - Stopped by Alexandar Georgiev with a rebound.
16:22 of 2nd period - Shot by Brock Nelson.
16:22 of 2nd period - Stopped by Alexandar Georgiev with a rebound.
16:24 of 2nd period - Shot by Brock Nelson.
16:24 of 2nd period - Shot Misses the Net.
16:36 of 2nd period - Shot by Damon Severson.
16:36 of 2nd period - Shot Misses the Net.
16:38 of 2nd period - Shot by Damon Severson.
16:38 of 2nd period - Shot Misses the Net.
16:40 of 2nd period - Shot by Sean Monahan.
16:40 of 2nd period - Stopped by Alexandar Georgiev without a rebound.
16:41 of 2nd period - Evgeny Kuznetsov wins face-off versus Nazem Kadri in Sabres zone.
17:16 of 2nd period - Shot by Damon Severson.
17:16 of 2nd period - Stopped by Alexandar Georgiev with a rebound.
17:29 of 2nd period - Icing by Damon Severson.
17:30 of 2nd period - Evgeny Kuznetsov wins face-off versus Tomas Nosek in Canadiens zone.
18:07 of 2nd period - Dylan Larkin is hit by David Savard and loses puck.
18:20 of 2nd period - Shot by Derek Grant.
18:20 of 2nd period - Stopped by Alexandar Georgiev without a rebound.
18:21 of 2nd period - Evgeni Malkin wins face-off versus Bo Horvat in Sabres zone.
18:21 of 2nd period - Gabriel Vilardi is hit by Joe Pavelski and loses puck.
19:35 of 2nd period - Shot by Josh Anderson.
19:35 of 2nd period - Stopped by Antti Raanta with a rebound.
19:37 of 2nd period - Shot by Evan Bouchard.
19:37 of 2nd period - Shot Blocked by Damon Severson.
Goals for this period are 0 for Canadiens vs 1 for Sabres.
Shots for this period are 23 for Canadiens vs 6 for Sabres.

3rd period


0:01 of 3rd period - Bo Horvat wins face-off versus Dylan Larkin in neutral zone.
0:26 of 3rd period - Shot by Dylan Cozens.
0:26 of 3rd period - Shot Misses the Net.
0:28 of 3rd period - Shot by Drew Doughty.
0:28 of 3rd period - Shot Blocked by Hampus Lindholm.
0:52 of 3rd period - Joe Pavelski is hit by Connor Murphy.
1:10 of 3rd period - Shot by Anders Bjork.
1:10 of 3rd period - Deflect By Viktor Arvidsson.
1:10 of 3rd period - Stopped by Alexandar Georgiev without a rebound.
1:11 of 3rd period - Evgeny Kuznetsov wins face-off versus Paul Cotter in Sabres zone.
1:34 of 3rd period - Shot by Josh Anderson.
1:34 of 3rd period - Deflect By Paul Cotter.
1:34 of 3rd period - Shot Misses the Net.
2:20 of 3rd period - Shot by Evgeni Malkin.
2:20 of 3rd period - Shot Misses the Net.
2:59 of 3rd period - Shot by Dylan Larkin.
2:59 of 3rd period - Stopped by Antti Raanta without a rebound.
3:00 of 3rd period - Sean Monahan wins face-off versus Tomas Nosek in Canadiens zone.
3:14 of 3rd period - Icing by Ryan McDonagh.
3:15 of 3rd period - Tomas Nosek wins face-off versus Bo Horvat in Sabres zone.
3:33 of 3rd period - Icing by Johnny Gaudreau.
3:34 of 3rd period - Bo Horvat wins face-off versus Dylan Larkin in Canadiens zone.
3:34 of 3rd period - Bo Horvat is hit by Dylan Larkin.
3:42 of 3rd period - Shot by Johnny Gaudreau.
3:42 of 3rd period - Stopped by Alexandar Georgiev with a rebound.
3:46 of 3rd period - Shot by Bo Horvat.
3:46 of 3rd period - Deflect By Johnny Gaudreau.
3:46 of 3rd period - Stopped by Alexandar Georgiev without a rebound.
3:47 of 3rd period - Sean Monahan wins face-off versus Evgeni Malkin in Sabres zone.
4:23 of 3rd period - Shot by Viktor Arvidsson.
4:23 of 3rd period - Stopped by Alexandar Georgiev without a rebound.
4:24 of 3rd period - Dylan Larkin wins face-off versus Johnny Gaudreau in Sabres zone.
4:26 of 3rd period - Icing by Kris Letang.
4:27 of 3rd period - Dawson Mercer wins face-off versus Johnny Gaudreau in Sabres zone.
4:27 of 3rd period - Dawson Mercer is hit by Joe Pavelski.
4:34 of 3rd period - Dylan Larkin is hit by Vladislav Gavrikov and loses puck.
4:41 of 3rd period - Hampus Lindholm is hit by Dawson Mercer.
5:02 of 3rd period - Johnny Gaudreau is hit by Kris Letang and loses puck.
6:16 of 3rd period - Shot by Viktor Arvidsson.
6:16 of 3rd period - Shot Blocked by Josh Manson.
6:30 of 3rd period - Travis Hamonic is hit by Paul Cotter and loses puck.
6:43 of 3rd period - Shot by Evgeny Kuznetsov.
6:43 of 3rd period - Stopped by Alexandar Georgiev without a rebound.
6:44 of 3rd period - Evgeni Malkin wins face-off versus Jake Evans in Sabres zone.
7:01 of 3rd period - Shot by Derek Grant.
7:01 of 3rd period - Stopped by Alexandar Georgiev without a rebound.
7:02 of 3rd period - Dylan Larkin wins face-off versus Evgeny Kuznetsov in Sabres zone.
7:30 of 3rd period - Shot by Dylan Larkin.
7:30 of 3rd period - Shot Misses the Net.
7:35 of 3rd period - Icing by David Savard.
7:36 of 3rd period - Evgeni Malkin wins face-off versus Evgeny Kuznetsov in Canadiens zone.
8:00 of 3rd period - Shot by Evgeni Malkin.
8:00 of 3rd period - Stopped by Antti Raanta with a rebound.
8:02 of 3rd period - Shot by Ivan Barbashev.
8:02 of 3rd period - Stopped by Antti Raanta without a rebound.
8:03 of 3rd period - Tomas Nosek wins face-off versus Sean Monahan in Canadiens zone.
8:10 of 3rd period - Shot by Jack McBain.
8:10 of 3rd period - Stopped by Antti Raanta without a rebound.
8:11 of 3rd period - Bo Horvat wins face-off versus Dylan Larkin in Canadiens zone.
8:32 of 3rd period - Shot by Dylan Cozens.
8:32 of 3rd period - Goal by Dylan Cozens - Canadiens : 0 - Sabres : 2.
8:33 of 3rd period - Evgeni Malkin wins face-off versus Sean Monahan in neutral zone.
10:08 of 3rd period - Icing by Damon Severson.
10:09 of 3rd period - Nazem Kadri wins face-off versus Sean Monahan in Canadiens zone.
10:34 of 3rd period - Shot by Johnny Gaudreau.
10:34 of 3rd period - Deflect By Bo Horvat.
10:34 of 3rd period - Stopped by Alexandar Georgiev without a rebound.
10:35 of 3rd period - Evgeny Kuznetsov wins face-off versus Ivan Barbashev in Sabres zone.
10:35 of 3rd period - Evgeny Kuznetsov is hit by Connor Murphy.
10:49 of 3rd period - Josh Manson is hit by Reilly Smith and loses puck.
11:08 of 3rd period - Icing by Hampus Lindholm.
11:09 of 3rd period - Evgeny Kuznetsov wins face-off versus Dylan Larkin in Canadiens zone.
11:09 of 3rd period - Evgeny Kuznetsov is hit by Dylan Larkin.
11:15 of 3rd period - Shot by Brock Nelson.
11:15 of 3rd period - Shot Misses the Net.
11:25 of 3rd period - Shot by Evgeny Kuznetsov.
11:25 of 3rd period - Shot Misses the Net.
12:10 of 3rd period - Shot by Johnny Gaudreau.
12:10 of 3rd period - Shot Misses the Net.
12:12 of 3rd period - Shot by Bo Horvat.
12:12 of 3rd period - Shot Misses the Net.
13:25 of 3rd period - Evgeni Malkin is hit by Travis Hamonic and loses puck.
13:35 of 3rd period - Icing by Damon Severson.
13:36 of 3rd period - Tomas Nosek wins face-off versus Evgeny Kuznetsov in Canadiens zone.
13:37 of 3rd period - Shot by Nicolas Roy.
13:37 of 3rd period - Shot Misses the Net.
13:49 of 3rd period - Shot by Brock Nelson.
13:49 of 3rd period - Stopped by Alexandar Georgiev without a rebound.
13:50 of 3rd period - Bo Horvat wins face-off versus Evgeni Malkin in Sabres zone.
13:55 of 3rd period - Shot by Bo Horvat.
13:55 of 3rd period - Stopped by Alexandar Georgiev without a rebound.
13:56 of 3rd period - Bo Horvat wins face-off versus Jack McBain in Sabres zone.
13:59 of 3rd period - Shot by David Savard.
13:59 of 3rd period - Deflect By Bo Horvat.
13:59 of 3rd period - Stopped by Alexandar Georgiev without a rebound.
14:00 of 3rd period - Sean Monahan wins face-off versus Nazem Kadri in Sabres zone.
14:17 of 3rd period - Shot by Nazem Kadri.
14:17 of 3rd period - Stopped by Antti Raanta without a rebound.
14:18 of 3rd period - Dylan Larkin wins face-off versus Bo Horvat in Canadiens zone.
14:18 of 3rd period - Dylan Larkin is hit by Travis Hamonic.
14:24 of 3rd period - Shot by Dylan Larkin.
14:24 of 3rd period - Stopped by Antti Raanta with a rebound.
14:26 of 3rd period - Shot by Dylan Cozens.
14:26 of 3rd period - Stopped by Antti Raanta without a rebound.
14:27 of 3rd period - Evgeni Malkin wins face-off versus Sean Monahan in Canadiens zone.
14:33 of 3rd period - Evgeni Malkin is hit by David Savard.
15:09 of 3rd period - Kris Letang is hit by Sean Monahan.
15:39 of 3rd period - Hampus Lindholm is hit by Dawson Mercer and loses puck.
15:51 of 3rd period - Dylan Cozens is hit by Vladislav Gavrikov and loses puck.
16:10 of 3rd period - Shot by Josh Anderson.
16:10 of 3rd period - Deflect By Nazem Kadri.
16:10 of 3rd period - Stopped by Antti Raanta with a rebound.
16:12 of 3rd period - Shot by Josh Anderson.
16:12 of 3rd period - Shot Blocked by Hampus Lindholm.
16:14 of 3rd period - Shot by Connor Murphy.
16:14 of 3rd period - Stopped by Antti Raanta without a rebound.
16:15 of 3rd period - Tomas Nosek wins face-off versus Evgeny Kuznetsov in Canadiens zone.
16:39 of 3rd period - Evgeny Kuznetsov is hit by Josh Manson and loses puck.
17:25 of 3rd period - Shot by Jake Evans.
17:25 of 3rd period - Shot Blocked by Drew Doughty.
17:27 of 3rd period - Shot by Vladislav Gavrikov.
17:27 of 3rd period - Stopped by Alexandar Georgiev without a rebound.
17:28 of 3rd period - Bo Horvat wins face-off versus Evgeni Malkin in Sabres zone.
17:29 of 3rd period - Shot by Johnny Gaudreau.
17:29 of 3rd period - Shot Blocked by Evan Bouchard.
18:09 of 3rd period - Shot by Gabriel Vilardi.
18:09 of 3rd period - Shot Misses the Net.
18:53 of 3rd period - Shot by Nazem Kadri.
18:53 of 3rd period - Stopped by Antti Raanta without a rebound.
18:54 of 3rd period - Sean Monahan wins face-off versus Dylan Larkin in Canadiens zone.
18:54 of 3rd period - Sean Monahan is hit by Dawson Mercer.
19:25 of 3rd period - Hampus Lindholm is hit by Connor Murphy and loses puck.
19:56 of 3rd period - Shot by Evgeny Kuznetsov.
19:56 of 3rd period - Deflect By Brock Nelson.
19:56 of 3rd period - Shot Hit the Post.
19:58 of 3rd period - Shot by Travis Hamonic.
19:58 of 3rd period - Deflect By Evgeny Kuznetsov.
19:58 of 3rd period - Shot Misses the Net.
Goals for this period are 0 for Canadiens vs 1 for Sabres.
Shots for this period are 11 for Canadiens vs 11 for Sabres.